 Dungeon Crawl Stone Soup version 0.31-a0-656-gb4d89c20fa (webtiles) character file.

Game seed: 2021145132144275074

20193 arthad the Fighter (level 12, -8/84 HPs)
             Began as a Gargoyle Fighter on Aug 30, 2023.
             Was a High Priest of Okawaru.
             Killed by divine providence
             ... invoked by a meliai
              (15 damage)
             ... on level 13 of the Dungeon.
             The game lasted 00:18:53 (11547 turns).

arthad the Fighter (Gargoyle Fighter)              Turns: 11547, Time: 00:18:54

Health: -8/84      AC: 29    Str: 25      XL:     12   Next: 76%
Magic:  16/16      EV:  9    Int:  8 (9)  God:    Okawaru [*****.]
Gold:   700        SH: 17    Dex: 12      Spells: 11/11 levels left

rFire   . . .        a - +0 flail
rCold   . . .        e - +2 kite shield
rNeg    + . .        B - +6 scale mail of the Mind {Fly rPois Slay+3}
rPois   ∞            U - +1 hat of the Armoured One {rElec rCorr Dex-3 Stlth+}
rElec   +            m - +0 cloak
rCorr   +            Q - +2 pair of gloves
SInv    .            (no boots)
Will    +....        (no amulet)
Stlth   +            g - +6 ring of dexterity
HPRegen 0.34/turn    i - +4 ring of slaying
MPRegen 0.15/turn

%: no passive effects
@: mighty, flying
A: sickness immunity, AC +8, negative energy resistance 1, electricity
resistance, torment resistance 1, petrification resistance, large bone plates 1,
strong-willed 1, inability to read after injury 1
a: Renounce Religion, Heroism, Finesse, Duel


You were on level 13 of the Dungeon.
You worshipped Okawaru.
Okawaru was extremely pleased with you.
You visited 2 branches of the dungeon, and saw 14 of its levels.

You collected 760 gold pieces.
You spent 60 gold pieces at shops.

Inventory:

Hand Weapons
 a - a +0 flail (weapon)
 n - a +0 mace of protection
 W - a +0 morningstar
Missiles
 k - 21 poisoned darts
 s - 3 javelins (quivered)
 M - 2 boomerangs
 O - 2 curare-tipped darts
Armour
 c - a +0 kite shield of cold resistance
 e - a +2 kite shield (worn)
 m - a +0 cloak (worn)
 B - the +6 scale mail of the Mind (worn) {Fly rPois Slay+3}
   (You found it on level 6 of the Dungeon)

   Slay+3:    It affects your accuracy & damage with ranged weapons and melee
   (+3).
   rPois:     It protects you from poison Fly: It grants you flight.
 Q - a +2 pair of gloves (worn)
 T - a +0 helmet
 U - the +1 hat of the Armoured One (worn) {rElec rCorr Dex-3 Stlth+}
   (Okawaru gifted it to you on level 12 of the Dungeon)

   Dex-3:     It affects your dexterity (-3).
   rElec:     It insulates you from electricity.
   rCorr:     It protects you from acid and corrosion.
   Stlth+:    It makes you more stealthy.
Jewellery
 g - a +6 ring of dexterity (left hand)
 i - a +4 ring of slaying (right hand)
 y - an amulet of faith
 I - a +6 ring of intelligence
Wands
 o - a wand of iceblast (29)
 p - a wand of flame (18)
 A - a wand of paralysis (14)
Scrolls
 f - 3 scrolls of amnesia
 h - 6 scrolls of enchant armour
 j - 2 scrolls of teleportation
 q - 2 scrolls of brand weapon
 r - 2 scrolls of fog
 u - a scroll of vulnerability {unknown}
 w - a scroll of immolation {unknown}
 x - a scroll of butterflies {unknown}
 z - 3 scrolls of poison {unknown}
 F - a scroll of revelation {unknown}
 G - a scroll of torment {unknown}
 P - a scroll of noise {unknown}
 R - a scroll of blinking {unknown}
Potions
 d - a potion of might
 l - a potion of mutation
 v - 2 potions of enlightenment
 C - 2 potions of curing
 D - 2 potions of magic
 H - 2 potions of brilliance
 K - a potion of degeneration
 L - 2 potions of attraction
 S - a potion of resistance
Miscellaneous
 V - a phantom mirror


   Skills:
 * Level 13.0 Fighting
 * Level 11.8 Maces & Flails
 + Level 9.6 Armour
 + Level 9.7 Shields
 + Level 6.4 Invocations


You had 11 spell levels left.
You didn't know any spells.
Your spell library contained the following spells:

 Spells                   Type           Power      Damage    Failure   Level
 Magic Dart               Conj           0%         1d3       83%         1
 Ensorcelled Hibernation  Hex/Ice        0%         N/A       93%         2
 Passwall                 Tmut/Erth      0%         N/A       93%         2
 Scorch                   Fire           0%         2d5       93%         2
 Wereblood                Tmut           0%         N/A       93%         2
 Inner Flame              Hex/Fire       0%         N/A       99%         3
 Mephitic Cloud           Conj/Pois/Air  0%         N/A       99%         3
 Portal Projectile        Hex/Tloc       0%         N/A       99%         3
 Swiftness                Air            0%         N/A       99%         3
 Anguish                  Hex/Necr       0%         N/A       100%        4
 Cause Fear               Hex            0%         N/A       100%        4
 Dispel Undead            Necr           0%         3d6       100%        4
 Flame Wave               Conj/Fire      0%         2d4       100%        4
 Iskenderun's Mystic Bla  Conj/Tloc      0%         2d3       100%        4
 Leda's Liquefaction      Hex/Erth       0%         N/A       100%        4
 Olgreb's Toxic Radiance  Pois           0%         N/A       100%        4
 Sticky Flame             Conj/Fire      0%         2d3       100%        4
 Enfeeble                 Hex            0%         N/A       100%        7
 Discord                  Hex            0%         N/A       100%        8
 Ignition                 Fire           0%         3d3       100%        8
 Call Imp                 Summ           Unusable   N/A       N/A         2
 Cigotuvi's Dreadful Rot  Necr/Pois/Air  Unusable   N/A       N/A         2
 Sublimation of Blood     Necr           Unusable   N/A       N/A         2
 Call Canine Familiar     Summ           Unusable   N/A       N/A         3
 Tukima's Dance           Hex            Unusable   N/A       N/A         3
 Death Channel            Necr           Unusable   N/A       N/A         6
 Summon Cactus Giant      Summ           Unusable   N/A       N/A         6
 Summon Hydra             Summ           Unusable   N/A       N/A         7

Dungeon Overview and Level Annotations

Branches:
Dungeon (13/15)            Temple (1/1) D:7            Lair (0/5) D:11
    Orc (0/2) D:9
 Vaults: D:13-14

Altars:
Ashenzari
Cheibriados
Dithmenos
Elyvilon
Fedhas
Gozag
Hepliaklqana
Kikubaaqudgha
Makhleb
Nemelex Xobeh
Okawaru
Qazlal
Ru
Sif Muna
Trog
Uskayaw
Vehumet
Wu Jian
Xom
Yredelemnul
Zin
The Shining One
Lugonu

Shops:
D:6 *   D:7 *

Annotations:
D:11 exclusion: 2 oklob plants
D:13 exclusion: obsidian statue


Innate Abilities, Weirdness & Mutations

You are immune to sickness and miasma.
Your stone body is resilient. (AC +8)
You are immune to poison.
You resist negative energy. (rN+)
You are resistant to electric shocks. (rElec)
You are resistant to unholy torment.
You are immune to petrification.
You are partially covered in large bone plates. (SH +4)
You are strong-willed. (Will+)
You occasionally lose the ability to read scrolls when taking damage.


Message History

The meliai invokes the aid of its god against you.
Something smites you!
* * * LOW HITPOINT WARNING * * *
You block the meliai's attack. x2
You closely miss the meliai.
The meliai is severely wounded.
You block the meliai's attack. The meliai misses you.
You completely miss the meliai.
The meliai is severely wounded.
You recover from your berserk rage.
You block the meliai's attack. x3
The meliai stings you but does no damage.
You sock the meliai!
You kill the meliai!
Okawaru accepts your kill.
You thump the centaur!
The centaur is heavily wounded.
You block the centaur's attack. x3
The centaur kicks you but does no damage.
You sock the centaur!
The centaur is almost dead.
The centaur hits you but does no damage.
You block the centaur's attack.
The meliai buzzes angrily.
You bludgeon the centaur!!
You kill the centaur!
Okawaru accepts your kill.
Items here: $ ))))) [[[ †††.
Aiming: Iceblast
Press: ? - help, Shift-Dir - straight line, f - meliai
Aim: a meliai, wielding the +5 spear "Datuil" {freeze, Dex+3} and wearing a +0 robe The mass of ice explodes!
The iceblast engulfs the meliai!
The meliai is moderately wounded.
The meliai hits you from afar with the +5 spear "Datuil" {freeze, Dex+3}!
* * * LOW HITPOINT WARNING * * *
The meliai freezes you.
* * * LOW HITPOINT WARNING * * *
The meliai invokes the aid of its god against you.
Something smites you!
You die...

$.(.###.#. #8# ...........
..8 ##.........## !..
#...$........# 8}.
#............# :..
#............# ..8
#...........y###.#
#................#
#..........#@#####
#####..........#)#
...............#)#########
...........#...)..........
.................#########
......####.##########
....).# #..........#
......# #..........#
.÷....# #..........#


You could see a meliai.

Vanquished Creatures
  A hydra (D:13)
  3 centaur warriors
  A boulder beetle (D:12)
  2 two-headed ogres
  2 tengu warriors
  2 manticores
  A cyclops (D:11)
  3 gargoyles
  2 tengu conjurers (D:11)
  A hornet (D:7)
  5 meliai
  4 trolls
  4 wraiths
  2 wyverns
  Eustachio (D:5)
  23 yaks
  12 vampire mosquitoes
  3 ice beasts
  A sky beast (D:4)
  An orc warrior (D:11)
  A black bear (D:7)
  7 centaurs
  5 kobold brigands
  3 bullfrogs (D:8)
  2 scorpions
  17 wights
  18 killer bees
  An electric eel (D:11)
  5 howler monkeys
  A hound (D:6)
  A jelly (D:6)
  5 orc priests
  5 iguanas
  2 sleepcaps (D:6)
  8 orc wizards
  A mummy (D:8)
  3 gnolls (D:5)
  3 adders
  A shadow imp (D:6)
  A white imp (D:6)
  An ufetubus (D:6)
  2 worms
  3 dart slugs
  24 orcs
  8 endoplasms
  A giant cockroach (D:2)
  6 goblins
  5 hobgoblins
  3 jackals (D:2)
  24 kobolds
  5 quokkas
  6 ball pythons
  A bat (D:2)
  4 frilled lizards
  8 rats
265 creatures vanquished.

Vanquished Creatures (others)
  Maurice (D:8)
1 creature vanquished.

Grand Total: 266 creatures vanquished

Notes
Turn   | Place    | Note
-------+----------+-------------------------------------------
     0 | D:1      | arthad the Gargoyle Fighter began the quest for the Orb.
     0 | D:1      | Reached XP level 1. HP: 14/14 MP: 1/1
   265 | D:1      | Reached XP level 2. HP: 19/19 MP: 2/2
   671 | D:2      | Reached XP level 3. HP: 24/24 MP: 3/3
  1484 | D:3      | Reached skill level 4 in Fighting
  1497 | D:3      | Found a faded altar of an unknown god.
  1547 | D:3      | Reached XP level 4. HP: 26/29 MP: 4/4
  1716 | D:3      | Found a radiant altar of Vehumet.
  2166 | D:4      | Found a blossoming altar of Fedhas.
  2231 | D:4      | Found an ornate altar of the Wu Jian Council.
  2684 | D:4      | Found a stormy altar of Qazlal.
  2684 | D:4      | Noticed a sky beast
  2693 | D:4      | Killed a sky beast
  2694 | D:4      | Reached XP level 5. HP: 33/34 MP: 5/5
  3079 | D:5      | Entered Level 5 of the Dungeon
  3194 | D:5      | Reached XP level 6. HP: 34/40 MP: 6/6
  3320 | D:5      | Reached skill level 5 in Fighting
  3680 | D:5      | Noticed an ice beast
  3705 | D:5      | Gained mutation: You are strong-willed. (Will+) [potion of
                  | mutation]
  3705 | D:5      | Gained mutation: You occasionally lose the ability to read
                  | scrolls when taking damage. [potion of mutation]
  3705 | D:5      | Gained mutation: You are partially covered in large bone
                  | plates. (SH +4) [potion of mutation]
  3714 | D:5      | Killed an ice beast
  3900 | D:5      | Found a broken altar of Ashenzari.
  4053 | D:5      | Reached XP level 7. HP: 45/45 MP: 7/7
  4165 | D:5      | Noticed Eustachio
  4193 | D:5      | Killed Eustachio
  4194 | D:5      | Reached skill level 6 in Fighting
  4571 | D:6      | Reached skill level 5 in Maces & Flails
  4671 | D:6      | Reached skill level 5 in Shields
  4681 | D:6      | Reached skill level 5 in Armour
  4681 | D:6      | Reached XP level 8. HP: 51/52 MP: 8/8
  4715 | D:6      | Noticed a yak
  4718 | D:6      | Noticed a yak
  4720 | D:6      | Noticed a yak
  4733 | D:6      | Killed a yak
  4734 | D:6      | Reached skill level 7 in Fighting
  4739 | D:6      | Killed a yak
  4742 | D:6      | Killed a yak
  4760 | D:6      | HP: 1/54 [shadow imp/nerve-wracking pain (4)]
  4778 | D:6      | Reached XP level 9. HP: 18/59 MP: 9/9
  4783 | D:6      | Reached skill level 8 in Fighting
  5206 | D:6      | Found Kimuulae's Overcharged Wands.
  5386 | D:6      | Identified the +6 scale mail of the Mind {Fly rPois Slay+3}
  5953 | D:7      | Found a burning altar of Makhleb.
  5953 | D:7      | Noticed a hornet
  5961 | D:7      | Killed a hornet
  6013 | D:7      | Found a staircase to the Ecumenical Temple.
  6021 | Temple   | Entered the Ecumenical Temple
  6036 | Temple   | Became a worshipper of Warmaster Okawaru
  6253 | D:7      | Found an opulent altar of Gozag.
  6412 | D:7      | Noticed a deep elf pyromancer
  6412 | D:7      | Noticed a two-headed ogre
  6501 | D:7      | Found a white marble altar of Elyvilon.
  6501 | D:7      | Found a glowing silver altar of Zin.
  6502 | D:7      | Found a glowing golden altar of the Shining One.
  6570 | D:7      | Found Dirghoirch's General Store.
  6577 | D:7      | Bought a potion of heal wounds for 60 gold pieces
  6601 | D:7      | Reached skill level 9 in Fighting
  6789 | D:8      | Noticed Maurice
  6821 | D:8      | Killed Maurice
  7019 | D:8      | Reached * piety under Okawaru
  7020 | D:8      | Reached XP level 10. HP: 65/66 MP: 10/10
  7030 | D:8      | Found a snail-covered altar of Cheibriados.
  7230 | D:8      | Reached skill level 1 in Invocations
  7536 | D:9      | Reached ** piety under Okawaru
  7540 | D:9      | Reached skill level 10 in Fighting
  7846 | D:9      | Found a shimmering blue altar of Sif Muna.
  8059 | D:9      | Found a staircase to the Orcish Mines.
  8140 | D:10     | Entered Level 10 of the Dungeon
  8140 | D:10     | Noticed a +0 dagger
  8140 | D:10     | Noticed a +0 dagger
  8208 | D:10     | Reached *** piety under Okawaru
  8250 | D:9      | Reached XP level 11. HP: 47/73 MP: 13/13
  8367 | D:10     | Found a hide-covered altar of Uskayaw.
  8475 | D:10     | Reached skill level 11 in Fighting
  8580 | D:10     | Found a bloodstained altar of Trog.
  8978 | D:11     | Reached **** piety under Okawaru
  9011 | D:10     | Reached skill level 10 in Maces & Flails
  9351 | D:11     | Noticed a tengu warrior
  9431 | D:10     | Killed a tengu warrior
  9431 | D:10     | Reached ***** piety under Okawaru
  9575 | D:11     | Noticed a tengu warrior
  9586 | D:11     | Killed a tengu warrior
  9873 | D:11     | Reached skill level 5 in Invocations
  9899 | D:11     | Noticed a centaur warrior
  9920 | D:11     | Killed a centaur warrior
  9921 | D:11     | Reached skill level 12 in Fighting
 10033 | D:11     | Noticed a cyclops
 10040 | D:11     | Killed a cyclops
 10040 | D:11     | Reached ****** piety under Okawaru
 10041 | D:11     | Reached XP level 12. HP: 81/81 MP: 15/15
 10123 | D:11     | Found a staircase to the Lair.
 10361 | D:12     | Noticed a two-headed ogre
 10368 | D:12     | Killed a two-headed ogre
 10391 | D:12     | Found a corrupted altar of Lugonu.
 10411 | D:12     | Identified the +1 hat of the Armoured One {rElec rCorr
                  | Dex-3 Stlth+} (Okawaru gifted it to you on level 12 of the
                  | Dungeon)
 10411 | D:12     | Received a gift from Okawaru
 10731 | D:12     | Noticed a boulder beetle
 10757 | D:12     | Killed a boulder beetle
 11142 | D:13     | Noticed a centaur warrior
 11142 | D:13     | Noticed a two-headed ogre
 11146 | Arena    | Entered the Arena
 11153 | Arena    | Killed a centaur warrior
 11181 | D:13     | Killed a two-headed ogre
 11341 | D:13     | Noticed a six-headed hydra
 11350 | D:13     | Killed a six-headed hydra
 11466 | D:13     | Noticed a centaur warrior
 11489 | Arena    | Entered the Arena
 11524 | D:13     | Killed a centaur warrior
 11539 | D:13     | Reached skill level 13 in Fighting
 11544 | D:13     | Identified the +5 spear "Datuil" {freeze, Dex+3}
 11547 | D:13     | Killed from afar by a meliai

Illustrated notes

Levels and vault maps discovered:
D:1:      heliophobic_arrival_enchanted_forest, layout_basic,
          minmay_tromino_v4_a
D:2:      layout_basic
D:3:      layout_loops_cross, mainiacjoe_overflow_brackets,
          shapermc_ecumenical_altar_starsandcircs
D:4:      layout_gridville, nicolae_qazlal_beasts_of_the_sky,
          nicolae_wu_jian_wuxing_cycle, fedhas_altar_3
D:5:      layout_layer_cave, lemuel_coloured_pillars_altar,
          kennysheep_decorative_pillar, uniq_eustachio
D:6:      layout_layer_cave, nicolae_shop_overcharged_wands
D:7:      layout_rooms, good_gods_mini_temple,
          mainiacjoe_overflow_cross_hatched, mainiacjoe_overflow_chevrons,
          temple_green, minmay_misc_feat_cross, dreamdust_princess_corridor,
          kennysheep_diamond, lightli_corner_chamber
D:8:      layout_gridville, slow_altar_1, chequers_mini_garden, uniq_maurice
D:9:      layout_rooms, mainiacjoe_overflow_concentric_impassable,
          minmay_orc_entry_temple_small
D:10:     layout_basic, lemuel_tele_altar, dancing_weapons_uskayaw
D:11:     layout_rooms, dpeg_oklobed_lair, lightli_minifort
D:12:     layout_long_grid, hangedman_decor_push, tgw_lugonu_bribe
D:13:     minmay_chambers_of_sevens, layout_basic, minmay_statue_bubble
Temple:   hellmonk_temple_of_storms

Skill      XL: |  1  2  3  4  5  6  7  8  9 10 11 12 |
---------------+-------------------------------------+-----
Fighting       | 4 5 6 7 9 10 12 13 | 13.0
Maces & Flails | 3 4 5 6 8 9 10 11 | 11.8
Armour         | 4 5 6 7 8 9 |  9.6
Shields        | 4 5 6 7 8 9 |  9.7
Invocations    | 3 5 6 |  6.4

Action                     |  1- 3 |  4- 6 |  7- 9 | 10-12 || total
---------------------------+-------+-------+-------+-------++-------
  Melee: Flail             |   106 |   103 |   231 |   607 ||  1047
  Throw: Javelin           |       |       |     1 |    30 ||    31
 Invoke: Duel              |       |       |       |     2 ||     2
         Heroism           |       |       |       |     1 ||     1
         Finesse           |       |       |       |     1 ||     1
  Evoke: Wand              |       |       |       |     2 ||     2
    Use: Potion            |       |     4 |     5 |    10 ||    19
         Scroll            |       |       |       |    11 ||    11
 Armour: Scale mail        |    34 |    56 |    89 |   397 ||   576
  Dodge: Dodged            |    23 |    34 |    51 |   213 ||   321
  Block: Kite shield       |    66 |    48 |   192 |   770 ||  1076

Table legend: (Time is in decaauts)
 A = Elapsed time spent in this place.
 B = Non-inter-level travel time spent in this place.
 C = Inter-level travel time spent in this place.
 D = Time resting spent in this place.
 E = Time spent auto-exploring this place.
 F = Levels seen in this place.
 G = Mean time per level.
                   A        B        C        D        E       F      G
               +--------+--------+--------+--------+--------+-----+--------+
         Total |  11683 |  11314 |    369 |    423 |   8594 |  16 |  730.2 |
       Dungeon |  11607 |  11266 |    341 |    411 |   8594 |  13 |  892.8 |
        Temple |     30 |      2 |     28 |      0 |      0 |   1 |   30.0 |
         Arena |     44 |     44 |      0 |     12 |      0 |   2 |   22.0 |
               +--------+--------+--------+--------+--------+-----+--------+

Top non-repeatable levels by time:
     D:5: 1486 daAuts
     D:6: 1425 daAuts
    D:11: 1018 daAuts
    D:10: 965 daAuts
     D:4: 938 daAuts
     D:2: 835 daAuts
     D:9: 816 daAuts
     D:8: 776 daAuts
     D:7: 763 daAuts
    D:12: 752 daAuts
     D:3: 712 daAuts
     D:1: 656 daAuts
    D:13: 459 daAuts
   Arena: 44 daAuts
  Temple: 30 daAuts
